 Dungeon Crawl Stone Soup version 0.27-a0-773-gaaee5cf45b (webtiles) character file.

Game seed: 1609395917511152425

13673 rageheart7 the Fighter (level 11, -15/98 HPs)
             Began as a Demonspawn Abyssal Knight on Mar 25, 2021.
             Was a High Priest of Lugonu.
             Demolished by an ice beast (21 damage)
             ... summoned by Fannar
             ... on level 10 of the Dungeon.
             The game lasted 00:21:22 (12947 turns).

rageheart7 the Fighter (Demonspawn Abyssal Knight) Turns: 12947, Time: 00:21:22

Health: -15/98     AC:  6    Str: 28    XL:     11   Next: 78%
Magic:  4/4        EV: 20    Int: 19    God:    Lugonu [*****.]
Gold:   610        SH:  5    Dex: 19    Spells: 10/10 levels left

rFire    + . .     SeeInvis +   z - +7 whip "Oblieh" {antimagic, Str+6}
rCold    x . .     Faith    .   (no shield)
rNeg     . . .     Spirit   .   h - +0 ring mail "Gott" {Str+6}
rPois    +         Reflect  +   (helmet unavailable)
rElec    .         Harm     .   (no cloak)
rCorr    .         Rampage  .   (no gloves)
Will     .....                  (no boots)
Stlth    ..........             s - amulet of reflection
HPRegen  0.26/turn              g - ring of Beogh's Wrath {Fire rPois Int+6 SInv Stlth-}
MPRegen  0.09/turn              i - +6 ring of dexterity

@: agile, repel missiles
A: antennae 3, repulsion field 3, powered by death 1, powered by pain 2
a: Renounce Religion, Depart the Abyss, Bend Space, Banish, Corrupt, Enter the
Abyss


You were on level 10 of the Dungeon.
You worshipped Lugonu.
Lugonu was extremely pleased with you.
You visited 1 branch of the dungeon, and saw 11 of its levels.
You visited the Abyss 1 time.
You also visited: Bailey.

You collected 610 gold pieces.

Inventory:

Hand Weapons
 k - a +4 flail of protection
 v - a +2 spectral quarterstaff
 z - the +7 whip "Oblieh" (weapon) {antimagic, Str+6}
   (You took it off a kobold on level 9 of the Dungeon)

   It reduces the magical energy of the wielder, and disrupts the spells and
   magical abilities of those hit.
   Natural abilities and divine invocations are not affected.
   It affects your strength (+6).
Armour
 h - the +0 ring mail "Gott" (worn) {Str+6}
   (You found it in a bailey)

   It affects your strength (+6).
 q - a +0 hat
 w - +1 swamp dragon scales
Jewellery
 c - a +4 ring of evasion
 g - the ring of Beogh's Wrath (right hand) {Fire rPois Int+6 SInv Stlth-}
   (You found it on level 11 of the Dungeon)

   [ring of fire]

   It enhances your fire magic.
   It affects your intelligence (+6).
   It protects you from fire.
   It makes you vulnerable to cold.
   It protects you from poison.
   It lets you see invisible.
   It makes you less stealthy.
 i - a +6 ring of dexterity (left hand)
 s - an amulet of reflection (around neck)
Wands
 n - a wand of polymorph (34)
 p - a wand of charming (7)
 r - a wand of flame (4)
 t - a wand of acid (6)
 A - a wand of iceblast (7)
Scrolls
 a - a scroll of magic mapping
 b - 3 scrolls of teleportation
 e - a scroll of enchant armour
 j - a scroll of immolation
 m - 2 scrolls of amnesia
 u - 3 scrolls of brand weapon
Potions
 d - 2 potions of curing
 f - a potion of flight
 C - a potion of degeneration
Miscellaneous
 l - a tin of tremorstones (2/2)


   Skills:
 * Level 13.0 Fighting
 * Level 11.9 Maces & Flails
 * Level 5.1 Armour
 - Level 0.8 Dodging
 - Level 2.4 Invocations


You had 10 spell levels left.
You didn't know any spells.
Your spell library contained the following spells:

 Spells                   Type           Power      Damage    Failure   Level
 Apportation              Tloc           0%         N/A       28%         1
 Summon Small Mammal      Summ           0%         N/A       28%         1
 Call Imp                 Summ           0%         N/A       41%         2
 Call Canine Familiar     Summ           0%         N/A       65%         3
 Confusing Touch          Hex            0%         N/A       65%         3
 Gell's Gravitas          Tloc           0%         N/A       65%         3
 Lesser Beckoning         Tloc           0%         N/A       65%         3
 Summon Guardian Golem    Hex/Summ       0%         N/A       65%         3
 Tukima's Dance           Hex            0%         N/A       65%         3
 Petrify                  Tmut/Erth      0%         N/A       96%         4
 Summon Ice Beast         Ice/Summ       0%         N/A       96%         4
 Summon Lightning Spire   Summ/Air       0%         N/A       96%         4
 Alistair's Intoxication  Tmut/Pois      0%         N/A       100%        5
 Bolt of Magma            Conj/Fire/Erth 0%         4d4       100%        5
 Iskenderun's Battlesphe  Conj           0%         2d6       100%        5
 Metabolic Englaciation   Hex/Ice        0%         N/A       100%        5
 Yara's Violent Unravell  Hex/Tmut       0%         3d3       100%        5
 Invisibility             Hex            0%         N/A       100%        6
 Iron Shot                Conj/Erth      0%         9d1       100%        6
 Orb of Destruction       Conj           0%         N/A       100%        7
 Spellforged Servitor     Conj/Summ      0%         N/A       100%        7


Dungeon Overview and Level Annotations

Branches:
Dungeon (11/15)            Temple (0/1) D:6            Lair (0/6) D:11
    Orc (0/2) D:11         Bailey (visited)

Altars:
Elyvilon
Kikubaaqudgha
Okawaru
Xom

Shops:
D:4 [(:!

Portals:
Abyss: D:1***

Annotations:
D:10 Fannar
D:11 Maurice


Innate Abilities, Weirdness & Mutations

You have a pair of large antennae on your head. (SInv)
You are surrounded by a strong repulsion field. (EV +4, RMsl)
You regenerate a little health from kills.
You sometimes gain power by taking damage.


Message History

Fannar is moderately wounded.
Fannar misses you.
You barely miss Fannar.
Fannar is moderately wounded.
You hit Fannar but do no damage.
Fannar is moderately wounded.
Fannar closely misses you.
You hit Fannar.
Fannar's magic leaks into the air.
Fannar is moderately wounded.
You hit Fannar but do no damage.
Fannar is moderately wounded.
Fannar says, "I shall freeze you to your soul!"
Fannar hits you but does no damage. Fannar freezes you. The ice beast hits you.
The ice beast freezes you!!
You feel a terrible chill!
You focus on the pain.
You feel agile all of a sudden.
You are too injured to fight recklessly!
You miss Fannar.
Fannar is moderately wounded.
You hit Fannar.
Fannar's magic leaks into the air.
Fannar is moderately wounded.
Fannar completely misses you. The ice beast closely misses you.
You whack Fannar!
Fannar's magic leaks into the air.
Fannar is heavily wounded.
You hit Fannar.
Fannar's magic leaks into the air.
Fannar is heavily wounded.
Fannar hits you but does no damage. Fannar freezes you!
You focus on the pain.
You feel more agile all of a sudden.
The ice beast hits you but does no damage.
You miss Fannar.
Fannar is heavily wounded.
You miss Fannar.
Fannar is heavily wounded.
Fannar hits you with a staff of cold.
* * * LOW HITPOINT WARNING * * *
Fannar freezes you!!
* * * LOW HITPOINT WARNING * * *
The ice beast hits you.
* * * LOW HITPOINT WARNING * * *
The ice beast freezes you!!
You feel a terrible chill!
You die...

......#...[.#..........##
......#.....#...........#
......#.....#...........#
##....'.....#...........#####
#....#######...#####...÷...#
#.)............#...#.÷÷....#
#..............#...#.......#
#.####'#####...#...#.......#
##.#........#...@e..#.......#
...#........#...#Y..#.......#
####........#...#...+.......#
{##########...#...#.......# {
#...........#...#...##### {
#...........#...#...#
#######.........#####...#
.#....#.................#
.#....#................##


You could see Fannar (icy armour) and an ice beast (summoned).

Vanquished Creatures
  Gastronok (D:11)
  A two-headed ogre (D:6)
  A manticore (D:10)
  Joseph (D:8)
  An elephant (D:11)
  Psyche (D:10)
  Maggie (D:8)
  A komodo dragon (D:10)
  2 trolls (D:10)
  Prince Ribbit (D:8)
  A meliai zombie (D:11)
  A shadow (D:11)
  A wraith (D:11)
  2 wyverns (D:10)
  The ghost of CurlyBrace the Skirmisher, an amateur FeAr (D:7)
  12 yaks
  A basilisk (D:10)
  A vampire (D:11)
  Grum (D:11)
  A steam dragon (D:6)
  Edmund (D:5)
  An acid dragon (D:11)
  3 water moccasins
  5 sky beasts
  3 ice beasts
  7 orc warriors
  5 black bears
  A necrophage (D:7)
  4 ogres
  4 wolves (D:11)
  A phantom (D:4)
  A centaur (D:5)
  A kobold brigand (D:9)
  6 bullfrogs
  A gnoll sergeant (D:5)
  2 water moccasin zombies
  4 scorpions
  4 killer bees (D:9)
  5 howler monkeys
  A bullfrog zombie (D:6)
  3 centaur zombies
  3 jellies
  6 hounds
  3 orc priests
  3 bullfrog skeletons
  5 gnoll shamans
  2 iguanas
  2 orc wizards (D:8)
  A killer bee zombie (D:5)
  A hound zombie (D:5)
  A hound skeleton (D:4)
  A howler monkey zombie (D:9)
  4 adders
  54 gnolls
  A white imp (D:5)
  An ufetubus (D:4)
  2 adder skeletons (D:4)
  5 dart slugs
  25 orcs
  5 ball pythons
  8 endoplasms
  2 giant cockroaches
  9 goblins
  11 hobgoblins
  25 jackals
  3 quokkas
  5 bats
  7 frilled lizards
  15 kobolds
  5 rats
311 creatures vanquished.

Vanquished Creatures (others)
  A plant (D:5)
1 creature vanquished.

Grand Total: 312 creatures vanquished

Notes
Turn   | Place    | Note
-------+----------+-------------------------------------------
     0 | Abyss:1  | rageheart7 the Demonspawn Abyssal Knight began the quest
                  | for the Orb.
     0 | Abyss:1  | Reached XP level 1. HP: 18/18 MP: 2/2
    67 | Abyss:1  | Found a corrupted altar of Lugonu.
   105 | Abyss:1  | Noticed a spatial maelstrom
   106 | D:1      | Escaped the Abyss
   360 | D:1      | Reached * piety under Lugonu
   361 | D:1      | Gained mutation: You sometimes gain a little power by
                  | taking damage. [demonic ancestry]
   361 | D:1      | Reached XP level 2. HP: 23/24 MP: 3/3
   722 | D:1      | You fall into a shaft and drop 1 floor!
   899 | D:2      | Gained mutation: You have a pair of small antennae on your
                  | head. [demonic ancestry]
   899 | D:2      | Reached XP level 3. HP: 30/30 MP: 4/4
  1203 | D:2      | Noticed a black bear
  1213 | D:2      | Killed a black bear
  1214 | D:2      | Reached skill level 4 in Fighting
  1214 | D:2      | Gained mutation: You are surrounded by a mild repulsion
                  | field. (EV +2) [demonic ancestry]
  1214 | D:2      | Reached XP level 4. HP: 15/38 MP: 5/5
  1459 | D:2      | Gained mutation: You are surrounded by a moderate repulsion
                  | field. (EV +3) [demonic ancestry]
  1459 | D:2      | Reached XP level 5. HP: 43/43 MP: 6/6
  1530 | D:2      | Found an iron altar of Okawaru.
  1655 | D:2      | Reached ** piety under Lugonu
  2428 | D:3      | You fall into a shaft and drop 1 floor!
  2428 | D:4      | Found Vec Zeu's Antique Armour Boutique.
  2429 | D:4      | Found Otsorphia's Weapon Boutique.
  2429 | D:4      | Found Joghipot's Distillery.
  2531 | D:4      | Found Lol Zosuts's Book Boutique.
  2685 | D:3      | Reached skill level 5 in Fighting
  2955 | D:3      | Reached XP level 6. HP: 42/51 MP: 7/7
  3265 | D:3      | Found a shimmering altar of Xom.
  3265 | D:3      | Found a shimmering altar of Xom.
  3266 | D:3      | Found a shimmering altar of Xom.
  3266 | D:3      | Found a shimmering altar of Xom.
  3268 | D:3      | Found a shimmering altar of Xom.
  3294 | D:3      | Found a shimmering altar of Xom.
  3294 | D:3      | Found a shimmering altar of Xom.
  3859 | D:4      | Reached skill level 6 in Fighting
  3859 | D:4      | Reached skill level 5 in Maces & Flails
  3859 | D:4      | Gained mutation: You are surrounded by a strong repulsion
                  | field. (EV +4, RMsl) [demonic ancestry]
  3859 | D:4      | Reached XP level 7. HP: 46/58 MP: 8/8
  4247 | D:5      | Entered Level 5 of the Dungeon
  4453 | D:5      | Reached skill level 7 in Fighting
  4468 | D:5      | Gained mutation: You have a pair of antennae on your head.
                  | [demonic ancestry]
  4468 | D:5      | Reached XP level 8. HP: 47/67 MP: 9/9
  4582 | D:5      | Reached *** piety under Lugonu
  4604 | D:5      | Noticed Edmund
  4620 | D:5      | Killed Edmund
  4680 | D:5      | Reached skill level 8 in Fighting
  4930 | D:5      | Found an iron altar of Okawaru.
  5636 | D:5      | Reached **** piety under Lugonu
  5842 | D:5      | Gained mutation: You sometimes gain power by taking damage.
                  | [demonic ancestry]
  5842 | D:5      | Reached XP level 9. HP: 62/75 MP: 10/10
  6025 | D:5      | Reached skill level 9 in Fighting
  6073 | D:6      | Noticed a two-headed ogre
  6252 | D:6      | HP: 2/76 [two-headed ogre/+0 giant club (14)]
  6278 | D:6      | Killed a two-headed ogre
  6853 | D:6      | Reached skill level 10 in Fighting
  7158 | D:6      | Found a staircase to the Ecumenical Temple.
  7292 | D:7      | Found a flagged portal.
  7300 | D:7      | Reached ***** piety under Lugonu
  7306 | Bailey   | Entered a bailey
  7372 | Bailey   | Gained mutation: You regenerate a little health from kills.
                  | [demonic ancestry]
  7372 | Bailey   | Reached XP level 10. HP: 27/86 MP: 11/11
  7414 | Bailey   | Identified the +0 ring mail "Gott" {Str+6}
  8173 | D:7      | Reached skill level 11 in Fighting
  8315 | D:7      | Reached skill level 10 in Maces & Flails
  8399 | D:7      | Found a large runed translucent door.
  8399 | D:7      | Found a large runed translucent door.
  8399 | D:7      | Noticed CurlyBrace's ghost (amateur FeAr)
  8461 | D:7      | Found an ancient bone altar of Kikubaaqudgha.
  8647 | D:7      | Killed CurlyBrace's ghost
  8767 | D:8      | Noticed Joseph
  8773 | D:8      | Killed Joseph
  8892 | D:8      | Noticed Maggie
  8900 | D:8      | Killed Maggie
  9244 | D:8      | Noticed Prince Ribbit
  9263 | D:8      | Reached skill level 12 in Fighting
  9285 | D:8      | Killed Prince Ribbit
  9980 | D:9      | Gained mutation: You have a pair of large antennae on your
                  | head. (SInv) [demonic ancestry]
  9980 | D:9      | Reached XP level 11. HP: 84/95 MP: 12/12
 10103 | D:9      | Identified the +4 long sword of the Endless Expanse {pain,
                  | *Slow rPois Str+2}
 10107 | D:9      | Identified the +7 whip "Oblieh" {antimagic, Str+6}
 10138 | D:9      | You fall into a shaft and drop 2 floors!
 10142 | D:11     | Noticed Grum
 10169 | D:11     | Killed Grum
 10339 | D:11     | Found a staircase to the Lair.
 10435 | D:11     | Noticed Gastronok
 10465 | D:11     | Killed Gastronok
 10756 | D:11     | Identified the ring of Beogh's Wrath {Fire rPois Int+6 SInv
                  | Stlth-}
 10923 | D:11     | Found a staircase to the Orcish Mines.
 10951 | D:11     | Noticed Maurice
 10986 | D:10     | Entered Level 10 of the Dungeon
 11397 | D:10     | Reached ****** piety under Lugonu
 11989 | D:10     | Noticed Psyche
 12004 | D:10     | Killed Psyche
 12572 | D:10     | Reached skill level 13 in Fighting
 12572 | D:10     | Reached skill level 5 in Armour
 12928 | D:10     | Noticed Fannar
 12947 | D:10     | Demolished by an ice beast

Illustrated notes

Levels and vault maps discovered:
D:1:      minmay_arrival_glassed_features, layout_loops_ring
D:2:      layout_basic, okawaru_trees_1
D:3:      layout_basic, nicolae_xom_altar_mimics
D:4:      layout_rooms, minmay_shop_grid_forest
D:5:      lemuel_castle_with_subvaults [lemuel_castle_interior_carwin_3],
          layout_rooms, kennysheep_mini, uniq_edmund
D:6:      layout_loops_ring, minmay_temple_entry_overgrown, bh_walls_and_bars
D:7:      layout_loops_ring, nicolae_overflow_hidden_temple,
          nicolae_elyvilon_peaceful_grove, enter_bailey_3,
          ebering_ghost_disaster_area
D:8:      layout_loops_cross, minmay_misc_feat_nine_boxes,
          amcnicky_mini_pool_small, uniq_maggie, uniq_joseph,
          uniq_prince_ribbit1
D:9:      layout_basic
D:10:     layout_irregular_city, grunt_ministairs_5, uniq_psyche, uniq_fannar
D:11:     layout_cave_pods, david_lair_generic, orc_0_dummy, led_sif_book,
          uniq_grum, uniq_gastronok, uniq_maurice

Skill      XL: |  1  2  3  4  5  6  7  8  9 10 11 |
---------------+----------------------------------+-----
Maces & Flails | 2 3 4 5 6 7 9 11 | 11.9
Fighting       | 4 5 6 7 8 10 12 13 | 13.0
Armour         | 2 5 |  5.1
Dodging        | |  0.8
Invocations    | |  2.4

Action                   |  1- 3 |  4- 6 |  7- 9 | 10-12 || total
-------------------------+-------+-------+-------+-------++-------
Melee: Mace              |    88 |       |       |       ||    88
       Hand axe          |    13 |   161 |    82 |       ||   256
       Flail             |       |       |   369 |   244 ||   613
       Whip              |       |       |       |   226 ||   226
Invok: Depart the Abyss  |     1 |       |       |       ||     1
Evoke: Wand              |       |       |     5 |    11 ||    16
  Use: Potion            |     2 |     1 |     4 |     3 ||    10
       Scroll            |       |     2 |     6 |     7 ||    15
 Stab: Sleeping          |       |       |     3 |       ||     3
Armor: Leather armour    |    30 |       |       |       ||    30
       Ring mail         |     3 |    50 |    67 |    71 ||   191
       Steam dragon scal |       |       |    37 |     4 ||    41
Dodge: Dodged            |    67 |   184 |   529 |   401 ||  1181
       Repelled          |       |       |     5 |     5 ||    10
Block: Other             |       |       |       |    69 ||    69

Table legend: (Time is in decaauts)
 A = Elapsed time spent in this place.
 B = Non-inter-level travel time spent in this place.
 C = Inter-level travel time spent in this place.
 D = Time resting spent in this place.
 E = Time spent auto-exploring this place.
 F = Levels seen in this place.
 G = Mean time per level.
                   A        B        C        D        E       F      G
               +--------+--------+--------+--------+--------+-----+--------+
         Total |  12863 |  12554 |    309 |   2598 |   7698 |  13 |  989.5 |
       Dungeon |  12393 |  12084 |    309 |   2408 |   7586 |  11 | 1126.6 |
         Abyss |    106 |    106 |      0 |      0 |    105 |   1 |  106.0 |
        Bailey |    364 |    364 |      0 |    190 |      7 |   1 |  364.0 |
               +--------+--------+--------+--------+--------+-----+--------+

Top non-repeatable levels by time:
    D:10: 1906 daAuts
     D:5: 1851 daAuts
     D:2: 1308 daAuts
     D:6: 1174 daAuts
     D:7: 1070 daAuts
     D:1: 989 daAuts
     D:4: 971 daAuts
     D:8: 966 daAuts
     D:3: 938 daAuts
    D:11: 788 daAuts
     D:9: 428 daAuts
  Bailey: 364 daAuts
 Abyss:1: 106 daAuts
